Map: Green Acres

Players

ForceForce - Winner!

  • Race: Terran Terran
  • Spawn Location: 9:00

rugobacsi - Winner!

  • Race: Terran Terran
  • Spawn Location: 6:00

demich - Winner!

  • Race: Zerg Zerg
  • Spawn Location: 7:00

Ingo

  • Race: Terran Terran
  • Spawn Location: 1:00

AFKAK

  • Race: Terran Terran
  • League: Silver
  • Spawn Location: 12:00

Lipton

  • Race: Protoss Protoss
  • Spawn Location: 3:00

VOD

Have the link to the VOD?

Description

Time

  • Played on: May 13, 2017, 10:35 a.m.
  • Length: 18:54
Show
View Real Time Build Order
Export as new Build Order

ForceForce Terran - Winner!

Build Orders:  

Get SALT Encoding   

  12  0:03  SCV  
  13  0:18  Supply Depot  
  13  0:19  SCV  
  14  0:31  Refinery  
  14  0:44  Engineering Bay  
  14  0:51  Barracks  
  14  0:55  SCV  
  15  1:13  SCV  
  15  1:15  Barracks  
  16  1:33  Barracks  
  16  1:40  Supply Depot  
  16  1:45  Marine  
  17  1:58  Orbital Command  
  17  2:03  Marine  
  18  2:09  Supply Depot  
  18  2:12  Marine  
  19  2:31  Missile Turret  
  19  2:33  Supply Depot  
  19  2:34  SCV  
  19  2:35  Marine  
  21  2:40  Marine  
  21  2:43  Marine  
  23  3:01  Factory, SCV  
  23  3:03  Marine  
  23  3:04  Marine x2  
  27  3:21  Marine  
  27  3:22  Marine  
  27  3:24  SCV  
  30  3:34  Marine  
  30  3:35  Supply Depot  
  30  3:38  SCV  
  32  3:44  Marine x2  
  32  3:48  Factory Tech Lab  
  34  3:50  SCV  
  35  3:55  Marine  
  35  3:59  Supply Depot  
  35  4:00  Terran Infantry Weapons Level 1  
  36  4:03  SCV  
  37  4:10  Starport  
  37  4:13  Marine  
  37  4:14  Marine  
  37  4:15  SCV  
  41  4:21  Barracks Tech Lab  
  40  4:30  SCV  
  41  4:35  Marine x2  
  41  4:37  Refinery  
  43  4:45  Marine  
  44  4:53  Marine x2  
  46  5:03  Marine  
  47  5:09  Command Center  
  47  5:11  Marine x2  
  49  5:17  Medivac  
  51  5:21  Marine  
  52  5:28  Marine  
  52  5:29  Marine  
  54  5:40  Marine  
  55  5:43  Siege Tank  
  55  5:46  Marine  
  55  5:47  Marine, SCV  
  58  5:58  Marine  
  58  5:59  SCV  
  58  6:03  Combat Shields  
  60  6:04  Marine  
  60  6:05  Marine  
  60  6:11  SCV  
  63  6:20  Marine  
  63  6:22  Marine x2  
  66  6:50  Marine x3  
  68  7:08  Marine x3  
  47  7:26  Marine x3  
  41  7:44  Marine x3  
  44  7:55  Barracks  
  44  8:01  Marine  
  44  8:02  Marine x2  
  47  8:05  Planetary Fortress  
  47  8:12  Supply Depot  
  47  8:19  Marine x3  
  48  8:20  Starport Reactor  
  50  8:34  Supply Depot  
  50  8:37  Marine x3  
  53  8:44  Barracks  
  53  8:50  SCV  
  53  8:55  Terran Infantry Armor Level 1, Marine  
  56  9:02  SCV  
  57  9:03  Barracks Tech Lab  
  57  9:07  Stimpack  
  56  9:10  Barracks Tech Lab  
  56  9:11  Marine  
  56  9:13  Marine  
  58  9:29  Marine  
  58  9:31  Marine  
  60  9:45  Concussive Shells  
  60  9:46  Marine  
  60  9:47  Viking, Medivac  
  60  9:50  Marine x4  
  69  10:03  Siege Tank  
  69  10:06  Supply Depot  
  72  10:17  Viking, Medivac  
  76  10:28  Supply Depot  
  76  10:35  Siege Tank  
  79  10:42  SCV  
  80  10:47  Viking, Medivac  
  84  10:54  SCV  
  84  10:55  Marine x4  
  84  10:56  Marine  
  90  11:06  SCV  
  80  11:13  Marine x4  
  80  11:14  Marauder  
  80  11:17  Viking, Medivac  
  90  11:22  Siege Tank  
  93  11:31  Marauder, Marine x2  
  93  11:32  Marauder  
  98  11:35  Marauder  
  94  11:48  Marine  
  94  11:49  Marine  
  94  11:52  Marine  
  94  11:53  Marine  
  98  11:56  Marine  
  99  12:04  Armory  
  99  12:06  Marine x2  
  101  12:10  Marine x2  
  101  12:14  Marine  
  104  12:23  Viking, Medivac  
  104  12:24  Marine x2  
  110  12:43  Marine x5  
  115  12:50  Engineering Bay  
  115  12:52  Supply Depot  
  115  12:53  Viking  
  115  13:01  Marine x5  
  96  13:14  Supply Depot  
  96  13:19  Marine x5  
  99  13:37  Marauder, Marine x4  
  99  13:40  Supply Depot  
  105  13:43  Command Center  
  105  13:55  Marine x4  
  109  13:58  Marine  
  109  14:01  SCV  
  111  14:13  SCV  
  111  14:14  Marine x4  
  111  14:16  Marine  
  117  14:18  Terran Vehicle Weapons Level 1  
  117  14:25  SCV  
  118  14:31  Refinery, Marine x2  
  118  14:32  Refinery, Marauder x2  
  118  14:34  Marine  
  125  14:49  Marine  
  125  14:52  Marauder  
  128  14:53  Marauder  
  128  14:56  Command Center  
  128  15:02  Marine x2  
  130  15:07  Marine  
  130  15:11  Supply Depot  
  130  15:13  Marine  
  132  15:14  Marine  
  132  15:15  Supply Depot x2  
  132  15:20  Marine  
  132  15:21  Marauder  
  136  15:25  Marine  
  136  15:27  Refinery, Planetary Fortress  
  137  15:31  Marauder  
  137  15:33  Marauder  
  141  15:42  Marauder  
  141  15:54  Refinery  
  141  16:06  Marine x5  
  146  16:23  Marine  
  146  16:24  Marine  
  140  16:45  Marine x3  
  140  16:46  Marine x2  
  145  17:03  Marine x5  
  120  17:22  Marauder  
Show
View Real Time Build Order
Export as new Build Order

rugobacsi Terran - Winner!

Build Orders:  

Get SALT Encoding   

  12  0:03  SCV  
  13  0:15  SCV  
  14  0:33  SCV  
  15  0:41  Supply Depot  
  15  1:02  SCV  
  16  1:05  Barracks  
  16  1:14  SCV  
  17  1:21  Refinery  
  17  1:23  Refinery  
  17  1:39  SCV  
  18  1:51  SCV  
  19  2:03  SCV  
  20  2:15  SCV  
  21  2:17  Command Center  
  21  2:27  SCV  
  22  2:39  SCV  
  23  2:58  Supply Depot  
  23  3:00  Factory  
  23  3:06  Engineering Bay  
  23  3:19  Marine, SCV  
  25  3:21  Supply Depot  
  25  3:29  SCV  
  25  3:31  SCV  
  27  3:37  Marine  
  28  3:41  SCV  
  28  3:43  Missile Turret  
  28  3:44  Widow Mine, SCV  
  32  3:53  SCV  
  32  3:55  Starport  
  34  4:04  Missile Turret  
  34  4:05  Orbital Command  
  34  4:06  SCV  
  34  4:13  Supply Depot, Widow Mine  
  36  4:18  SCV  
  37  4:30  SCV  
  38  4:38  Starport Tech Lab  
  38  4:41  Widow Mine, Liberator  
  38  4:42  SCV  
  38  4:45  Command Center  
  41  4:54  SCV  
  45  5:06  SCV  
  46  5:10  Widow Mine  
  48  5:18  SCV  
  48  5:19  Missile Turret  
  49  5:24  Liberator  
  49  5:30  SCV  
  50  5:38  Widow Mine  
  55  6:00  SCV  
  56  6:05  Refinery, SCV  
  56  6:08  Refinery  
  57  6:12  SCV  
  57  6:15  Barracks Tech Lab  
  57  6:17  SCV  
  59  6:20  Armory  
  59  6:24  Fusion Core, Command Center, SCV  
  60  6:29  SCV  
  60  6:31  Starport  
  61  6:36  SCV  
  62  6:41  SCV  
  63  6:48  SCV  
  63  6:53  Marauder, SCV  
  67  6:59  Engineering Bay  
  67  7:00  SCV  
  68  7:05  SCV  
  69  7:08  Starport  
  69  7:11  Terran Ship Weapons Level 1  
  69  7:14  Weapon Refit, Marauder  
  71  7:17  SCV  
  71  7:20  SCV  
  71  7:21  Liberator  
  73  7:25  SCV  
  73  7:29  SCV  
  75  7:31  Starport Tech Lab  
  75  7:32  SCV  
  75  7:35  Marauder  
  75  7:36  Armory  
  78  7:37  SCV  
  78  7:41  SCV  
  83  7:44  SCV  
  83  7:47  Starport  
  83  7:49  SCV  
  85  7:53  SCV  
  85  7:56  SCV  
  85  7:57  Terran Infantry Armor Level 1, Terran Infantry Weapons Level 1, Marauder  
  89  8:01  SCV  
  89  8:04  Liberator  
  89  8:05  Refinery  
  90  8:06  SCV  
  90  8:07  Refinery, SCV  
  92  8:14  Refinery  
  92  8:15  Orbital Command  
  92  8:21  Marauder, SCV x2  
  92  8:27  Starport Tech Lab  
  99  8:28  Starport Tech Lab  
  99  8:29  Supply Depot  
  99  8:30  Supply Depot  
  99  8:31  Starport  
  99  8:33  SCV x2  
  101  8:34  Terran Vehicle And Ship Armor Level 1  
  101  8:40  Refinery  
  101  8:45  SCV  
  101  8:46  Marauder  
  101  8:47  Liberator  
  104  8:54  Supply Depot  
  104  8:58  SCV  
  105  9:07  Marauder  
  110  9:10  SCV  
  111  9:19  Terran Ship Weapons Level 2  
  111  9:22  SCV  
  111  9:23  Starport Tech Lab  
  112  9:29  Marauder  
  114  9:33  Supply Depot  
  114  9:34  SCV  
  115  9:38  Supply Depot  
  115  9:46  SCV  
  116  9:52  Orbital Command  
  116  9:57  Supply Depot  
  116  10:04  Supply Depot  
  116  10:07  Terran Infantry Weapons Level 2  
  116  10:08  Terran Infantry Armor Level 2  
  116  10:17  Factory Tech Lab  
  116  10:19  Supply Depot  
  116  10:25  Battlecruiser x4  
  140  10:30  Supply Depot  
  140  10:42  Supply Depot  
  140  10:53  Supply Depot  
  140  11:29  Battlecruiser x2  
  150  11:34  Siege Tank  
  153  11:40  Terran Vehicle And Ship Armor Level 2  
  153  11:41  Terran Ship Weapons Level 3  
  153  12:06  Siege Tank  
  141  12:32  Battlecruiser x3  
  141  12:34  Battlecruiser  
  165  12:38  Cloaking Field, Corvid Reactor  
  165  12:39  Advanced Ballistics  
  165  12:41  Hyperflight Rotors  
  165  13:58  Battlecruiser x3  
  165  13:59  Battlecruiser  
  165  14:00  Battlecruiser  
  195  14:04  Terran Infantry Weapons Level 3  
  195  14:05  Terran Infantry Armor Level 3  
  195  14:17  Terran Vehicle And Ship Armor Level 3  
  195  14:52  Orbital Command  
  195  14:58  Terran Vehicle Weapons Level 1  
  195  15:54  Orbital Command  
Show
View Real Time Build Order
Export as new Build Order

demich Zerg - Winner!

Build Orders: Hatch First, Lurkers 

Get SALT Encoding   

  12  0:02  Drone  
  13  0:11  Drone  
  14  0:28  Overlord  
  14  0:46  Drone  
  14  0:47  Drone x2  
  17  0:56  Hatchery  
  16  0:59  Drone  
  17  1:15  Spawning Pool  
  16  1:29  Drone x2  
  16  1:32  Drone  
  19  1:41  Overlord  
  19  1:49  Extractor  
  19  1:50  Extractor  
  19  1:52  Drone  
  18  2:02  Overlord  
  18  2:17  Queen x2  
  18  2:19  Zergling x6  
  25  2:26  Drone  
  26  2:31  Drone  
  26  2:36  Drone  
  28  2:48  Drone  
  28  2:49  Drone  
  30  3:01  Drone x2  
  30  3:02  Drone  
  32  3:47  Drone  
  32  3:48  Drone x10  
  41  4:03  Drone x2  
  41  4:08  Lair  
  43  4:12  Evolution Chamber  
  43  4:15  Roach Warren  
  41  4:18  Evolution Chamber  
  41  4:21  Drone  
  41  4:22  Drone x2  
  43  4:24  Drone  
  43  4:31  Extractor  
  43  4:32  Overlord x2  
  43  4:34  Extractor  
  42  4:42  Zerg Missile Weapons Level 1  
  42  4:43  Overlord x2  
  42  4:49  Queen  
  42  4:52  Zergling x2  
  45  4:53  Zergling x8  
  49  5:00  Roach x2  
  53  5:11  Roach  
  53  5:12  Roach x3  
  61  5:15  Roach  
  61  5:17  Roach  
  65  5:22  Roach  
  65  5:23  Roach  
  69  5:31  Roach  
  69  5:32  Roach  
  69  5:48  Roach  
  69  5:49  Roach x5  
  76  5:59  Overlord  
  76  6:10  Overlord x2  
  76  6:17  Zergling x12  
  82  6:30  Hydralisk Den  
  65  6:58  Roach x5  
  65  6:59  Roach x3  
  59  7:25  Hydralisk x4  
  67  7:30  Lurker Den  
  67  7:33  Roach x2  
  71  7:38  Zerg Missile Weapons Level 2  
  71  7:39  Zerg Ground Armor Level 1  
  71  8:02  Hydralisk x4  
  79  8:06  Drone  
  79  8:07  Drone x4  
  79  8:10  Hatchery  
  83  8:34  Zergling x6  
  83  8:35  Zergling x4  
  88  9:13  Hydralisk  
  88  9:14  Hydralisk x4  
  88  9:16  Overlord x7  
  98  9:18  Overseer  
  98  9:19  Overseer  
  98  9:22  Lurker  
  98  9:23  Lurker x3  
  102  9:36  Ravager  
  103  10:00  Zerg Ground Armor Level 2  
  103  10:10  Infestation Pit  
  102  10:25  Roach x7  
  112  11:21  Roach x15  
  112  11:22  Roach x5  
  152  12:24  Ravager  
  152  12:25  Ravager x6  
  152  12:26  Overlord x6  
  152  12:27  Overlord x3  
  63  13:08  Roach x5  
  63  13:09  Roach x11  
  81  13:22  Roach x3  
  87  13:38  Hydralisk x4  
  95  13:47  Hive  
  87  14:20  Nydus Network  
  86  14:28  Roach  
  86  14:29  Roach x2, Hydralisk  
  86  14:30  Hydralisk x9  
  86  14:31  Hydralisk  
  114  14:41  Extractor x2  
  112  15:07  Nydus Canal  
  112  15:14  Hydralisk x3  
  112  15:15  Hydralisk x3  
  124  15:29  Hydralisk x2  
  124  15:30  Hydralisk  
  106  16:49  Roach x3  
  106  16:50  Roach x15  
  138  17:31  Ravager x6  
  138  17:32  Ravager x7  
Show
View Real Time Build Order
Export as new Build Order

Ingo Terran 

Build Orders:  

Get SALT Encoding   

  12  0:13  SCV  
  13  0:20  Supply Depot  
  13  0:25  SCV  
  13  0:27  Refinery  
  14  0:47  Barracks  
  14  0:50  SCV  
  15  1:02  SCV  
  16  1:14  SCV  
  17  1:32  SCV  
  18  1:44  SCV  
  18  1:45  Engineering Bay  
  19  1:47  Command Center  
  19  1:52  Barracks Reactor  
  19  1:54  Factory  
  19  1:56  SCV  
  20  2:02  Supply Depot  
  20  2:19  SCV  
  21  2:28  Missile Turret  
  21  2:31  SCV  
  21  2:35  Barracks  
  22  2:42  Marine x2  
  24  2:45  Factory Tech Lab  
  24  2:50  Supply Depot  
  24  2:56  Refinery, Terran Infantry Weapons Level 1  
  24  3:00  Marine x2  
  26  3:12  Siege Tank  
  29  3:18  Marine x2  
  31  3:23  Planetary Fortress  
  26  3:35  Marine  
  26  3:36  Marine  
  27  3:53  Marine  
  27  3:54  Marine  
  29  4:03  Planetary Fortress  
  29  4:14  SCV  
  30  4:17  Barracks Tech Lab  
  30  4:21  Missile Turret  
  30  4:22  Supply Depot  
  30  4:26  SCV  
  30  4:27  Siege Tank  
  34  4:35  Marine x2  
  34  4:38  Combat Shields  
  36  4:40  Marauder  
  38  4:48  SCV  
  39  4:53  Marine x2  
  39  4:54  Supply Depot  
  41  5:00  SCV  
  41  5:01  Marauder  
  44  5:10  Marine  
  44  5:11  Marine  
  44  5:13  SCV  
  47  5:16  Supply Depot  
  47  5:17  Supply Depot  
  47  5:22  Marauder  
  47  5:25  SCV  
  50  5:28  Marine x2  
  52  5:37  SCV  
  52  5:40  Supply Depot  
  53  5:49  SCV  
  46  5:51  Siege Tank  
  46  5:53  Marine x2  
  50  5:59  Marauder  
  50  6:00  Terran Infantry Armor Level 1  
  50  6:01  SCV  
  52  6:07  Armory  
  52  6:10  Engineering Bay  
  52  6:11  Marine x2  
  54  6:13  SCV  
  55  6:20  Marauder  
  57  6:28  Supply Depot, Marine  
  57  6:29  Marine  
  59  6:38  Supply Depot  
  59  6:41  Marauder  
  59  6:46  Marine x2  
  63  6:50  Supply Depot  
  58  7:03  Marauder  
  58  7:04  Marine x2  
  48  7:24  SCV  
  49  7:33  Supply Depot  
  49  7:37  SCV  
  50  7:41  Marine x2  
  53  7:49  SCV  
  54  7:54  Marauder  
  55  7:59  Marine x2  
  55  8:01  Barracks, SCV  
  55  8:02  Siege Tank  
  55  8:04  Terran Infantry Weapons Level 2  
  61  8:13  SCV  
  61  8:15  Marauder  
  61  8:17  Marine x2  
  61  8:18  Starport  
  66  8:30  Refinery  
  66  8:34  Siege Tank  
  69  8:35  Missile Turret, Marine x2  
  69  8:37  Marauder  
  73  8:51  Missile Turret  
  73  8:58  Marauder  
  73  9:00  Barracks Reactor  
  75  9:06  Siege Tank  
  75  9:08  Marine x2  
  80  9:20  Marauder  
  82  9:26  Marine x2  
  82  9:29  SCV  
  82  9:30  Refinery  
  85  9:36  Medivac  
  87  9:41  Marauder, SCV  
  87  9:43  Marine  
  87  9:44  Marine  
  92  9:46  Terran Infantry Armor Level 2  
  92  10:01  Marine x2  
  92  10:02  Marauder  
  92  10:06  Medivac  
  98  10:16  Sensor Tower  
  98  10:19  Marine x2  
  98  10:20  Marine x2  
  102  10:24  Marauder  
  104  10:31  Terran Infantry Weapons Level 3  
  104  10:37  Marine x2  
  104  10:38  Marine x2  
  108  10:45  Marauder  
  108  10:55  Marine x2  
  108  10:56  Marine x2  
  112  10:57  Missile Turret  
  112  11:06  Marauder  
  114  11:12  Marine, Starport Tech Lab  
  114  11:13  Missile Turret, Marine x2  
  114  11:14  Marine  
  118  11:28  Marauder  
  118  11:30  Marine x2  
  118  11:31  Marine x2  
  121  11:46  Missile Turret  
  121  11:48  Marine x2  
  121  11:49  Marauder, Marine  
  121  11:52  Marine  
  118  12:06  Marine x2  
  118  12:07  Marine  
  115  12:10  Marine  
  115  12:11  Marauder  
  99  12:32  Marauder  
  101  12:38  SCV  
  102  12:48  Missile Turret  
  102  12:49  Missile Turret  
  102  12:50  SCV  
  90  13:03  SCV  
  56  13:15  SCV  
  51  13:22  Marine x4  
  57  13:27  SCV  
  57  13:28  Marauder  
  57  13:33  Terran Infantry Armor Level 3  
  58  13:39  Supply Depot  
  58  13:40  Marine x4, SCV  
  63  13:50  Marauder  
  63  13:52  SCV  
  66  13:57  Marine, Siege Tank  
  66  13:58  Marine x3  
  66  13:59  Raven  
  75  14:03  Terran Vehicle Weapons Level 1  
  75  14:05  SCV  
  76  14:11  Marauder  
  76  14:15  Marine x2  
  76  14:16  Marine x2  
  76  14:17  SCV  
  83  14:29  Siege Tank, SCV  
  87  14:33  Marauder  
  87  14:36  Marine x2  
  91  14:41  Marine x2  
  93  14:48  Raven  
  95  14:54  Marauder, Marine x2  
  95  14:58  Barracks  
  95  14:59  Marine x2  
  101  15:11  Marine  
  101  15:12  Marine  
  103  15:15  Marauder  
  103  15:16  Marine x2  
  107  15:29  Marine x2  
  107  15:34  Marine x2  
  111  15:37  Marauder  
  111  15:42  Barracks  
  113  15:47  Barracks Reactor, Marine x2  
  115  15:52  Marine x2  
  117  15:58  Marauder  
  119  16:05  Marine x2  
  119  16:10  Marine x2  
  121  16:20  Marauder  
Show
View Real Time Build Order
Export as new Build Order

AFKAK Terran 

Build Orders:  

Get SALT Encoding   

  12  0:02  SCV  
  13  0:19  Supply Depot  
  13  0:20  SCV  
  14  0:29  Refinery  
  14  0:32  SCV  
  15  0:44  SCV  
  16  0:50  Barracks  
  16  0:56  SCV  
  17  1:02  Refinery  
  17  1:08  SCV  
  18  1:22  SCV  
  19  1:33  Engineering Bay  
  19  1:34  SCV  
  19  1:37  Barracks  
  20  1:45  Factory  
  21  1:47  SCV  
  21  2:21  Missile Turret, Planetary Fortress  
  21  2:25  Barracks  
  21  2:29  Marine x2  
  23  2:33  Factory Tech Lab  
  23  2:39  Armory  
  23  2:43  Missile Turret  
  23  2:58  Supply Depot x2  
  23  3:19  Marine x3  
  26  3:26  Thor, Bunker  
  32  3:35  Factory  
  32  3:37  Marine x3  
  35  4:24  Supply Depot  
  35  4:26  Factory Tech Lab  
  35  4:34  SCV  
  36  4:38  Marine x2  
  38  4:45  Thor  
  38  4:47  SCV  
  38  4:48  Supply Depot  
  45  5:03  SCV  
  46  5:10  Thor  
  46  5:12  Supply Depot  
  52  5:15  SCV  
  53  5:22  Terran Vehicle Weapons Level 1  
  53  5:34  Thor  
  42  5:57  Thor  
  45  6:24  Thor  
  51  6:28  SCV  
  52  6:33  Command Center  
  52  6:40  SCV  
  38  7:06  Marine  
  38  7:07  Marine  
  33  7:24  Marine x2  
  29  7:42  Marine x2  
  31  7:44  Thor  
  31  7:45  Thor, Missile Turret  
  31  7:49  SCV  
  44  7:57  SCV  
  45  8:00  Marine  
  45  8:01  SCV  
  48  8:09  SCV  
  48  8:12  Barracks Reactor  
  48  8:13  SCV  
  48  8:15  Barracks Tech Lab  
  48  8:18  Marine  
  50  8:22  SCV  
  51  8:33  Terran Vehicle And Ship Armor Level 1  
  51  8:34  SCV  
  52  8:36  Marine  
  53  8:42  Thor  
  53  8:46  SCV  
  60  8:52  Thor  
  60  8:53  Marine  
  67  8:56  Marine x3  
  70  9:08  Planetary Fortress  
  70  9:11  Marine  
  71  9:22  Supply Depot  
  71  9:44  Thor  
  77  9:46  Supply Depot  
  77  9:51  SCV  
  78  9:56  Command Center  
  78  10:03  SCV  
  78  10:05  Thor  
  85  10:08  Supply Depot  
  85  10:11  Combat Shields  
  85  10:14  Barracks Reactor  
  85  10:15  SCV  
  86  10:27  Terran Vehicle Weapons Level 2  
  85  10:42  Thor  
  67  11:34  Thor  
  73  12:24  Thor  
  30  13:14  Thor  
  18  14:14  Marine x5  
  23  14:32  Marine x5  
  28  14:38  Stimpack  
  28  14:49  Marine x2  
  28  14:50  Marine x3  
  32  15:07  Marine x3  
  32  15:08  Marine x2  
  37  15:25  Marine x3  
  37  15:26  Marine x2  
  42  15:43  Marine  
  42  15:44  Marine  
  40  16:02  Marine  
Show
View Real Time Build Order
Export as new Build Order

Lipton Protoss 

Build Orders:  

Get SALT Encoding   

  12  0:01  Probe (Chrono Boost)  
  13  0:12  Probe (Chrono Boost)  
  14  0:20  Pylon  
  14  0:23  Probe (Chrono Boost)  
  15  0:38  Probe (Chrono Boost)  
  15  0:40  Gateway  
  16  0:47  Assimilator  
  16  0:48  Probe (Chrono Boost)  
  17  0:51  Assimilator  
  17  0:59  Probe (Chrono Boost)  
  18  1:04  Pylon  
  18  1:10  Probe (Chrono Boost)  
  19  2:05  Forge  
  19  3:44  Photon Cannon  
  16  5:28  Probe (Chrono Boost)  
  16  5:39  Probe (Chrono Boost)  
  17  8:04  Probe (Chrono Boost)  
    15:31  Probe (Chrono Boost)  
  1  15:41  Probe (Chrono Boost)  
Tags
 
Add a new tag
Caveats
  • Supply blocks, unpowered buildings, or Contaminate may cause inaccurate times.
  • Supply counts are checked every 10 seconds.